AoeStats
← abohelmo

QS Arena

503256249Analyzed
4v4 RM · 1mo ago on Aug 30, 2026· 65m 21s· 8 players
Game mode
Random Map
Map size
Large (8 player)
Population
200
Speed
Normal
Resources
Standard
Victory
Conquest
Starting age
Dark Age
Ending age
Imperial Age
RankedLock teamsTeams togetherTeam positionsShared explorationLock speedFull tech treeHidden civsTurbo modeCheats
Victory
Defeat
🇬🇧 Goths · United Kingdom
1041
+14
🇪🇬 Romans · Egypt
1010
+15
🇫🇷 Khmer · France
933
+18
🇫🇷 Hindustanis · France
928
+19
🇨🇦 Spanish · Canada
1025
-18
🇹🇷 Huns · Türkiye
1000
-51
🇨🇭 Turks · Switzerland
976
-16
🇫🇷 Teutons · France
947
-15
Prime Clutch 35
2:58 Loom
33:09 Feudal Age
33:58 Gold Mining
34:32 Stone Mining
moerday
11:25 Feudal Age
12:04 Double-Bit Axe
15:06 Castle Age
14:43 Gold Mining
16:52 Gold Shaft Mining
19:31 Imperial Age
21:47 Bow Saw
37:49 Wheelbarrow
39:57 Hand Cart
45:01 Loom
Mitnickek
9:25 Feudal Age
14:01 Castle Age
13:53 Double-Bit Axe
13:51 Horse Collar
19:11 Bow Saw
21:36 Heavy Plow
22:09 Gold Mining
23:26 Wheelbarrow
23:32 Loom
25:36 Hand Cart
31:45 Imperial Age
31:58 Cavalier
32:50 Bloodlines
33:46 Conscription
34:27 Forging
34:24 Scale Barding Armor
37:00 Two-Man Saw
36:24 Ballistics
37:26 Iron Casting
38:28 Paladin
41:44 Town Watch
45:32 Blast Furnace
44:56 Chain Barding Armor
45:59 Pikeman
46:39 Squires
49:18 Plate Barding Armor
Amazon Shopping
7:44 Feudal Age
7:18 Loom
13:25 Castle Age
12:00 Double-Bit Axe
12:24 Horse Collar
15:07 Heavy Plow
21:13 Fletching
23:37 Stone Mining
25:19 Gold Mining
26:09 Wheelbarrow
28:05 Bodkin Arrow
30:12 Hand Cart
32:30 Padded Archer Armor
36:44 Imperial Age
35:13 Bloodlines
35:05 Husbandry
37:52 Elite Conquistador
38:54 Conscription
39:21 Bracer
39:37 Leather Archer Armor
39:44 Ballistics
40:24 Chemistry
39:22 Murder Holes
40:57 Supremacy
41:13 Hoardings
41:27 Thumb Ring
43:35 Forging
43:58 Ring Archer Armor
43:25 Light Cavalry
45:03 Hussar
45:51 Scale Barding Armor
45:35 Capped Ram
48:23 Masonry
49:35 Chain Barding Armor
49:52 Iron Casting
50:20 Architecture
55:16 Plate Barding Armor
55:20 Siege Ram
58:09 Sappers
60:38 Blast Furnace
61:04 Elite Skirmisher
Jyken
8:23 Feudal Age
8:46 Horse Collar
10:34 Double-Bit Axe
15:31 Castle Age
19:29 Husbandry
22:44 Elite Skirmisher
25:44 Bow Saw
26:10 Wheelbarrow
29:40 Fletching
30:03 Forging
30:53 Bodkin Arrow
48:49 Imperial Age
49:58 Double Crossbow
49:27 Heavy Scorpion
53:15 Hand Cart
54:09 Chemistry
54:43 Siege Engineers
55:00 Ballistics
Bworever
3:26 Loom
8:40 Feudal Age
16:59 Castle Age
14:45 Horse Collar
25:35 Elite Skirmisher
33:27 Fletching
34:22 Bodkin Arrow
52:46 Imperial Age
55:16 Chemistry
59:29 Wheelbarrow
59:00 Heavy Plow
58:47 Double-Bit Axe
59:09 Pikeman
59:49 Squires
60:58 Forging
60:49 Scale Mail Armor
62:27 Iron Casting
62:41 Chain Mail Armor
65:09 Blast Furnace
knight
7:54 Loom
10:55 Feudal Age
13:50 Wheelbarrow
16:04 Castle Age
14:52 Gold Mining
14:50 Horse Collar
18:02 Hand Cart
17:35 Double-Bit Axe
17:54 Heavy Plow
21:53 Ballistics
35:21 Imperial Age
35:26 Heavy Scorpion
35:28 Capped Ram
35:38 Pikeman
37:26 Gold Shaft Mining
37:06 Ballistas
37:23 Conscription
37:11 Halberdier
39:19 Siege Ram
40:35 Crop Rotation
40:42 Scale Mail Armor
40:52 Forging
42:20 Chemistry
41:26 Siege Engineers
41:33 Fortified Wall
59:34 Man-at-Arms
60:14 Squires
60:33 Chain Mail Armor
60:53 Iron Casting
61:24 Long Swordsman
63:25 Legionary
65:16 Blast Furnace
abohelmo
0:27 Loom
9:35 Feudal Age
13:57 Castle Age
13:23 Double-Bit Axe
13:21 Horse Collar
15:16 Wheelbarrow
16:21 Bow Saw
16:15 Heavy Plow
16:36 Man-at-Arms
17:17 Squires
20:31 Hand Cart
20:37 Stone Mining
23:17 Forging
23:07 Scale Mail Armor
23:18 Gold Mining
24:32 Pikeman
24:34 Long Swordsman
25:32 Caravan
29:56 Imperial Age
30:44 Iron Casting
30:10 Scale Mail Armor
30:51 Anarchy
31:11 Conscription
31:02 Perfusion
32:25 Two-Man Saw
32:13 Crop Rotation
32:52 Elite Huskarl
33:51 Chain Mail Armor
34:46 Blast Furnace
34:54 Halberdier
Connection lost

Rejoining the realm…

Still unreachable

The connection could not be restored.

Session expired

The server has moved on; the page needs a fresh start.